 Dungeon Crawl Stone Soup version 0.30-a0-726-gd89dcf765f (webtiles) character file.

Game seed: 9426545643680758756

30 M4edhros the Insei (level 3, -3/26 HPs)
             Began as an Octopode Monk on Jan 29, 2023.
             Slain by an iguana (15 damage)
             ... on level 4 of the Dungeon.
             The game lasted 00:00:57 (796 turns).

M4edhros the Insei (Octopode Monk)                   Turns: 796, Time: 00:00:58

Health: -3/26      AC:  1    Str: 10    XL:     3   Next: 20%
Magic:  3/3        EV: 14    Int: 12    God:
Gold:   92         SH:  0    Dex: 16    Spells: 2/2 levels left

rFire   . . .      SeeInvis .      - Unarmed
rCold   . . .      Faith    .    (no shield)
rNeg    . . .      Spirit   .    (helmet restricted)
rPois   .          Reflect  .    (no amulet)
rElec   .          Harm     .    (no ring)
rCorr   .          Rampage  .    (no ring)
Will    .....                    (no ring)
Stlth   +++                      (no ring)
HPRegen 0.24/turn                (no ring)
MPRegen 0.08/turn                (no ring)
                                 (no ring)
                                 (no ring)

@: no status effects
A: almost no armour, amphibious, 8 rings, camouflage 1, gelatinous body 1,
(nimble swimmer 1), tentacles
a: no special abilities


You were on level 4 of the Dungeon.
You visited 1 branch of the dungeon, and saw 5 of its levels.

You collected 92 gold pieces.

Inventory:

Scrolls
 b - a scroll of vulnerability {unknown}
Potions
 a - 3 potions of ambrosia
 c - a potion of lignification {unknown}
 d - 2 potions of berserk rage {unknown}
 e - a potion of brilliance {unknown}
 f - a potion of curing {unknown}


   Skills:
 - Level 3.0 Fighting
 - Level 3.0 Dodging
 - Level 2.6 Stealth
 + Level 4.2 Unarmed Combat


You had 2 spell levels left.
You didn't know any spells.
Your spell library contained the following spells:

 Spells                   Type           Power      Damage    Failure   Level
 Cigotuvi's Dreadful Rot  Necr/Pois/Air  0%         N/A       45%         2
 Dispel Undead            Necr           0%         3d6       97%         4
 Blade Hands              Tmut           0%         N/A       100%        5
 Irradiate                Conj/Tmut      0%         3d11      100%        5
 Death Channel            Necr           0%         N/A       100%        6
 Dragon Form              Tmut           0%         N/A       100%        7


Dungeon Overview and Level Annotations

Branches:
Dungeon (5/15)
 Temple: D:4-7

Altars:
Gozag

Annotations:
D:3 3 runed translucent doors, toympanos's ghost, amateur MiFi


Innate Abilities, Weirdness & Mutations

You cannot wear most types of armour.
You are amphibious.
You can wear up to eight rings at the same time.
Your skin changes colour to match your surroundings (Stealth+).
Your rubbery body absorbs attacks. (AC +1, EV +1)
((You are camouflaged when in or above water. (Stealth+)))
You have tentacles for arms and can constrict up to eight enemies at once.


Message History

You kill the goblin!
Things that are here:
a +0 club; a goblin corpse The helpless iguana fails to defend itself.
You tentacle-slap the iguana. You grab the iguana.
The iguana is lightly wounded.
You constrict the iguana, but do no damage.
The iguana misses you.
You tentacle-slap the iguana but do no damage.
The iguana is lightly wounded.
You constrict the iguana, but do no damage.
The iguana bites you but does no damage.
You tentacle-slap the iguana but do no damage.
Your squeeze misses the iguana.
The iguana is lightly wounded.
You constrict the iguana, but do no damage.
The iguana bites you!
You tentacle-slap the iguana but do no damage.
The iguana is lightly wounded.
You constrict the iguana.
The iguana bites you but does no damage.
You tentacle-slap the iguana but do no damage.
You squeeze the iguana, but do no damage.
The iguana is lightly wounded.
You constrict the iguana. The iguana misses you.
You tentacle-slap the iguana.
The iguana is moderately wounded.
You constrict the iguana. The iguana misses you.
You tentacle-slap the iguana but do no damage.
The iguana is heavily wounded.
You constrict the iguana. The iguana bites you!
You are too injured to fight recklessly!
You are too injured to fight recklessly!
You are too injured to fight recklessly!
You are too injured to fight recklessly!
You tentacle-slap the iguana but do no damage.
The iguana is severely wounded.
You constrict the iguana. The iguana bites you!
Ouch! That really hurt!
You die...

.......#.#
......#.##
..#..... ......#
..... #...# #l..#
#.@.#####.#
#..)......#
##)....###
##.##.#
########.# #.##.#
#........#
#.##.###.########
#................
#........########
......#.#####


You could see an iguana.

Vanquished Creatures
  2 dart slugs
  An orc (D:4)
  3 endoplasms
  4 goblins
  2 hobgoblins
  A quokka (D:1)
  3 ball pythons
  3 bats
  3 kobolds
  3 rats (D:1)
25 creatures vanquished.

Notes
Turn   | Place    | Note
-------+----------+-------------------------------------------
     0 | D:1      | M4edhros the Octopode Monk began the quest for the Orb.
     0 | D:1      | Reached XP level 1. HP: 16/16 MP: 1/1
   224 | D:1      | Reached XP level 2. HP: 18/21 MP: 2/2
   421 | D:3      | Reached skill level 4 in Unarmed Combat
   543 | D:3      | Found a runed translucent gate.
   543 | D:3      | Found a runed translucent gate.
   546 | D:3      | Reached XP level 3. HP: 26/26 MP: 3/3
   563 | D:3      | Found a runed translucent gate.
   564 | D:3      | Found an opulent altar of Gozag.
   565 | D:3      | Noticed toympanos's ghost (amateur MiFi)
   647 | D:5      | Entered Level 5 of the Dungeon
   647 | D:5      | Noticed a wight
   647 | D:5      | Noticed a wight
   647 | D:5      | Noticed a wight
   647 | D:5      | Noticed a wight
   796 | D:4      | Slain by an iguana

Illustrated notes

Levels and vault maps discovered:
D:1:      tarquinn_simple_flora_water_c, layout_basic,
          shapermc_ecumenical_altar_mp_vishouse, minmay_misc_feat_x
D:2:      layout_basic
D:3:      layout_loops_cross, ebering_ghost_gozag, nicolae_shop_vocational
D:4:      layout_loops_ring, ashenzari_conservatory_becter
D:5:      kennysheep_windowed_halls, layout_basic,
          hangedman_abyss_or_decor_lesser_grid, dk_rats_in_the_wall

Skill      XL: |  1  2 |
---------------+-------+-----
Unarmed Combat | 4 |  4.2
Fighting       | |  3.0
Dodging        | |  3.0
Stealth        | |  2.6

Action                     || total
---------------------------++-------
  Melee: Unarmed           ||    47
         Constrict         ||     8
         Tentacles         ||     8
         Punch             ||     1
   Stab: Sleeping          ||    12
 Armour: Skin              ||     3
  Dodge: Dodged            ||    18

Table legend: (Time is in decaauts)
 A = Elapsed time spent in this place.
 B = Non-inter-level travel time spent in this place.
 C = Inter-level travel time spent in this place.
 D = Time resting spent in this place.
 E = Time spent auto-exploring this place.
 F = Levels seen in this place.
 G = Mean time per level.
                   A        B        C        D        E       F      G
               +--------+--------+--------+--------+--------+-----+--------+
         Total |    792 |    758 |     34 |      0 |    593 |   5 |  158.4 |
       Dungeon |    792 |    758 |     34 |      0 |    593 |   5 |  158.4 |
               +--------+--------+--------+--------+--------+-----+--------+

Top non-repeatable levels by time:
     D:1: 348 daAuts
     D:4: 204 daAuts
     D:3: 169 daAuts
     D:2: 67 daAuts
     D:5: 1 daAuts
